 Dungeon Crawl Stone Soup version 0.15-a0-462-gf669498 (webtiles) character file.

340 Infinimo the Ruffian (level 5, 0/44 HPs)
             Began as a Naga Transmuter on May 7, 2014.
             Was an Initiate of Cheibriados.
             Slain by a green rat (8 damage)
             ... summoned by Eustachio
             ... on Level 4 of the Dungeon.
             The game lasted 00:05:38 (3784 turns).

Infinimo the Ruffian (Naga Transmuter)              Turns: 3784, Time: 00:05:38

HP   0/44        AC  2     Str 14      XL: 5   Next: 76%
MP   8/9         EV 11     Int 15      God: Cheibriados [......]
Gold 142         SH  0     Dex  6 (12) Spells:  1 memorised,  7 levels left

rFire  . . .     SeeInvis +       - Unarmed
rCold  . . .     Clarity  .     c - +0 robe
rNeg   . . .     Conserve .     (no shield)
rPois  +         rCorr    .     (helmet restricted)
rElec  .         rRot     .     (no cloak)
SustAb . .       Spirit   .     (no gloves)
rMut   .         Warding  .     (no barding)
Saprov . . .     Stasis   .     (no amulet)
MR     .....                    (no ring)
                                (no ring)

@: appendage, very slow, not resistant to hostile enchantments, very unstealthy
A: spit poison, horns 2, repulsion field 1, see invisible, deformed body, poison
resistance, slowness 2, AC +1
a: Spit Poison, End Transformation, Bend Time, Renounce Religion


You were on level 4 of the Dungeon.
You worshipped Cheibriados.
Cheibriados was noncommittal.
You were not hungry.
You had grown temporary horns.
You visited 2 branches of the dungeon, and saw 5 of its levels.

You collected 142 gold pieces.

Inventory:

Missiles
 b - 12 arrows
Armour
 c - a +0 robe (worn)
Comestibles
 a - 6 bread rations
 f - a banana
 g - 2 apples
 i - a slice of pizza
 o - a beef jerky
 p - a rotting chunk of hound flesh
 r - a lemon
 t - a meat ration
 u - a pear
Scrolls
 j - 5 scrolls of identify
 s - a scroll of enchant weapon I
Potions
 m - a potion of flight
 n - a potion of berserk rage {unknown}
 q - a potion of poison {unknown}
Books
 d - a book of Changes

   Spells                             Type                      Level
   *Beastly Appendage                 Transmutation                1
   Sticks to Snakes                   Transmutation                2
   Spider Form                        Transmutation/Poison         3
   Ice Form                           Ice/Transmutation            4
   Blade Hands                        Transmutation                5


   Skills:
 - Level 1.0 Fighting
 - Level 1.5 Dodging
 * Level 5.4 Unarmed Combat
 - Level 2.0 Spellcasting
 + Level 3.6 Transmutations


You had 7 spell levels left.
You knew the following spells:

 Your Spells              Type           Power        Failure   Level  Hunger
a - Beastly Appendage     Trmt           ##....       6%          1    #......


Dungeon Overview and Level Annotations

Branches:
Dungeon (4/15)             Temple (1/1) D:4

Altars:
Ashenzari
Cheibriados
Elyvilon
Trog
Vehumet
Xom
The Shining One

Annotations:
D:4 Eustachio


Innate Abilities, Weirdness & Mutations

You cannot wear boots.
You can spit poison.
Your serpentine skin is tough (AC +1).
You have supernaturally acute eyesight.
Armour fits poorly on your strangely shaped body.
Your system is resistant to poisons.
You cover ground very slowly.
You have a pair of horns on your head.
You are surrounded by a mild repulsion field (EV +2).


Message History

You hit Eustachio.
Eustachio is severely wounded.
Eustachio hits you with a cutlass!
* * * LOW HITPOINT WARNING * * *
Drink which item? (? for menu, Esc to quit)
You feel much better. The green rat bites you!
Eustachio hits you with a cutlass.
You hit Eustachio but do no damage.
Eustachio is severely wounded.
Eustachio's inner flame fades away.
Eustachio hits you with a cutlass.
Eustachio is severely wounded.
The green rat bites you!
* * * LOW HITPOINT WARNING * * *
Eustachio casts a spell.
Eustachio blinks!
The green rat bites you.
* * * LOW HITPOINT WARNING * * *
You headbutt the green rat, but do no damage.
The green rat bites you!
You die...

######.# #....)..#
# #.# #.....).# #
#.# ######
#.......# #
#######.###....###
#.......# #
..........'......#
#.......# #
#.#####.###....#@#
#........ . #.#
#.# #....#r#
#......### #.##
#.# #....#b#
###.... ...# #.#
#....#@# #### ##^#
#.# #....#r# .
#♣≈.# #.# ######.#
... _..≈##.# #.#
.... ...#.#.# #.#
..... ≈♣...≈#.#
#.####..r..(.
≈#_.#.^
#..§@'.=.....
__..♣.#
######....... ≈.≈
#####


You could see Eustachio, 2 green rats and a bat.

Vanquished Creatures
  2 hounds (D:4)
  A worker ant zombie (D:3)
  5 adders
  2 giant mites
  6 giant geckos
  3 orcs
  2 ball pythons
  4 hobgoblins (D:3)
  2 kobolds
  2 quokkas (D:2)
  10 bats
  2 giant cockroaches
  5 giant newts
  10 goblins
  A goblin skeleton (D:4)
  12 rats
69 creatures vanquished.

Notes
Turn   | Place    | Note
--------------------------------------------------------------
     0 | D:1      | Infinimo, the Naga Transmuter, began the quest for the Orb.
     0 | D:1      | Reached XP level 1. HP: 18/18 MP: 3/3
   396 | D:1      | Reached XP level 2. HP: 12/25 MP: 2/4
   990 | D:2      | Reached XP level 3. HP: 23/31 MP: 6/6
  1404 | D:2      | Reached skill level 4 in Unarmed Combat
  1971 | D:3      | Reached XP level 4. HP: 17/38 MP: 5/7
  1989 | D:3      | Gained mutation: You have a fast metabolism. [potion of mutation]
  1989 | D:3      | Gained mutation: You are surrounded by a mild repulsion field (EV +2). [potion of mutation]
  1989 | D:3      | Lost mutation: You have a fast metabolism. [potion of mutation]
  2714 | D:3      | Reached XP level 5. HP: 35/44 MP: 7/9
  2753 | D:3      | Reached skill level 5 in Unarmed Combat
  3146 | D:4      | Found a staircase to the Ecumenical Temple.
  3187 | Temple   | Entered the Ecumenical Temple
  3201 | Temple   | Became a worshipper of Cheibriados the Contemplative
  3695 | D:4      | Found a shimmering altar of Xom.
  3697 | D:4      | Found a shimmering altar of Xom.
  3697 | D:4      | Found a shimmering altar of Xom.
  3697 | D:4      | Found a shimmering altar of Xom.
  3738 | D:4      | Noticed Eustachio
  3784 | D:4      | Slain by a green rat

Action                   |  1- 3 |  4- 6 || total
-------------------------+-------+-------++-------
Melee: Unarmed           |   132 |   162 ||   294
 Cast: Beastly Appendage |    12 |    11 ||    23
 Abil: Spit Poison       |     1 |       ||     1
  Use: Potion            |     1 |     7 ||     8
       Scroll            |       |     7 ||     7
